 Dungeon Crawl Stone Soup version 0.24-a0-584-g9d6b971ae4 (webtiles) character file.

Game seed: 8728695616185700638, levelgen mode: deterministic

15010 Chimkentus the Changer (level 12, -12/121 HPs)
             Began as an Octopode Earth Elementalist on Aug 30, 2019.
             Was an Elder of the Shining One.
             Mangled by an ice beast (13 damage)
             ... in an ice cave on Aug 31, 2019.
             The game lasted 01:51:50 (12618 turns).

Chimkentus the Changer (OpEE)                      Turns: 12618, Time: 01:51:51

Health: -12/121    AC:  9    Str: 13    XL:     12   Next: 22%
Magic:  12/13      EV: 19    Int: 25    God:    the Shining One [****..]
Gold:   515        SH:  8    Dex: 21    Spells: 2/25 levels left

rFire    . . .     SeeInvis .   Q - +0 war axe of Dried Tears {flame, +Rage MP-9 Int+4}
rCold    . . .     Gourm    .   (no shield)
rNeg     + + +     Faith    .   k - +2 hat {MR+}
rPois    .         Spirit   .   v - amulet of magic regeneration
rElec    .         Reflect  .   s - +3 ring of dexterity
rCorr    +         Harm     .   n - ring of positive energy
MR       +....                  b - +5 ring of dexterity
Stlth    ..........             K - ring of resist corrosion
HPRegen  0.30/turn              (no ring)
MPRegen  0.38/turn              (no ring)
                                (no ring)
                                (no ring)

@: mighty, berserking, icy armour, divine shield, glowing, studying Long Blades,
very quick
A: almost no armour, stealthy swim, amphibious, 8 rings, constrict 8, camouflage
1, gelatinous body 1
a: Divine Shield, Cleansing Flame, Renounce Religion, Evoke Berserk Rage


You were in an ice cave.
You worshipped the Shining One.
The Shining One was greatly pleased with you.
You were not hungry.

You visited 3 branches of the dungeon, and saw 12 of its levels.
You also visited: Ossuary and Ice Cave.

You collected 609 gold pieces.
You spent 94 gold pieces at shops.

Inventory:

Hand Weapons
 i - the +4 halberd of the Snake Pit {protect, rN+ MR+ MP+9 Dex+3, unknown}
   (You found it on level 2 of the Lair of Beasts)

   It grants its wielder temporary protection when it strikes (+7 to AC).
   It affects your dexterity (+3).
   It protects you from negative energy.
   It affects your resistance to hostile enchantments.
   It affects your magic capacity (+9).
 q - a +4 short sword of electrocution
 r - a +0 hunting sling
 y - a +2 scimitar of flaming
 D - a +2 dagger of venom
 G - a +0 flail of holy wrath
 Q - the +0 war axe of Dried Tears (weapon) {flame, +Rage MP-9 Int+4}
   (You bought it in a shop on level 8 of the Dungeon)

   It has been specially enchanted to burn those struck by it, causing extra
   injury to most foes and up to half again as much damage against particularly
   susceptible opponents.
   Big, fiery blades are also staple armaments of hydra-hunters.
   It affects your intelligence (+4).
   It affects your magic capacity (-9).
   It lets you go berserk.
 R - a +1 war axe of freezing
Missiles
 g - 76 sling bullets
 w - 3 boomerangs
 L - 45 stones
 S - 13 poisoned darts (quivered)
Armour
 k - a +2 hat of magic resistance (worn)
Jewellery
 b - a +5 ring of dexterity (on tentacle)
 n - a ring of positive energy (right tentacle)
 s - a +3 ring of dexterity (left tentacle)
 v - an amulet of magic regeneration (around mantle)
 K - a ring of resist corrosion (on tentacle)
Wands
 F - a wand of flame (4)
 P - a wand of polymorph (8)
 U - a wand of enslavement (1)
Scrolls
 e - a scroll of teleportation
 h - a scroll of enchant weapon {unknown}
 l - 2 scrolls of remove curse
 m - 5 scrolls of fog
 t - a scroll of fear
 B - a scroll of silence
 C - 2 scrolls of blinking
Potions
 a - 2 potions of brilliance
 f - 4 potions of haste
 A - 2 potions of lignification
 E - 2 potions of heal wounds
 O - 2 potions of cancellation
Books
 I - a manual of Long Blades
Comestibles
 c - 24 rations
 d - 4 chunks of flesh


   Skills:
 * Level 7.0 Fighting
 + Level 3.8 Short Blades
 + Level 2.1 Axes
 + Level 3.3 Throwing
 * Level 7.0 Dodging
 - Level 3.4 Stealth
 + Level 7.3 Spellcasting
 * Level 6.4 Conjurations
 + Level 0.1 Hexes
 + Level 1.5 Charms
 * Level 7.4 Transmutations
 + Level 3.0 Ice Magic
 + Level 7.2 Earth Magic
 * Level 6.4 Invocations
 + Level 1.1 Evocations


You had 2 spell levels left.
You knew the following spells:

 Your Spells              Type           Power        Failure   Level  Hunger
a - Sandblast             Erth           #####.       1%          1    None
b - Passwall              Tmut/Erth      #####...     1%          2    None
c - Stone Arrow           Conj/Erth      #####.       1%          3    None
d - Freeze                Ice            ###.         1%          1    None
e - Throw Frost           Conj/Ice       ####..       1%          2    None
f - Ozocubu's Armour      Chrm/Ice       ###.....     8%          3    None
g - Apportation           Tloc           #.....       7%          1    None
h - Confusing Touch       Hex            #.....       6%          1    None
i - Throw Icicle          Conj/Ice       ####....     10%         4    ###....
j - Irradiate             Conj/Tmut      #####.....   11%         5    #####..

Your spell library contained the following spells:

 Spells                   Type           Power        Failure   Level  Hunger
 Animate Skeleton         Necr           N/A          7%          1    None
 Summon Small Mammal      Summ           #...         7%          1    None
 Sublimation of Blood     Necr           #.........   10%         2    None
 Petrify                  Tmut/Erth      #####...     3%          4    ###....
 Ignite Poison            Fire/Tmut/Pois ###.....     7%          3    None
 Lee's Rapid Deconstruct  Erth           #####.....   9%          5    #####..
 Summon Ice Beast         Ice/Summ       ###.....     34%         4    ###....
 Alistair's Intoxication  Tmut/Pois      ####....     36%         5    #####..


Dungeon Overview and Level Annotations

Branches:
Dungeon (9/15)             Temple (1/1) D:5            Lair (2/6) D:9
Ossuary (visited)           IceCv (1/1)
  Swamp: Lair:2-4    Shoals: Lair:2-4     Snake: Lair:2-4    Spider: Lair:2-4
    Orc: D:9-12

Altars:
Ashenzari
Cheibriados
Dithmenos
Elyvilon
Fedhas
Gozag
Hepliaklqana
Kikubaaqudgha
Makhleb
Nemelex Xobeh
Okawaru
Qazlal
Ru
Sif Muna
Trog
Uskayaw
Vehumet
Wu Jian
Xom
Yredelemnul
Zin
The Shining One

Shops:
D:8 (


Innate Abilities, Weirdness & Mutations

You cannot wear most types of armour.
You are very stealthy in the water. (Stealth+)
You are amphibious.
You can wear up to eight rings at the same time.
You can use your tentacles to constrict eight enemies at once.
Your skin changes colour to match your surroundings (Stealth+).
Your rubbery body absorbs attacks. (AC +1, EV +1)


Message History

You feel quite a bit more hungry. The white ugly thing pecks you.
The white ugly thing freezes you!!
* * * LOW HITPOINT WARNING * * *
You block the ice beast's attack. The ice beast closely misses you.
The ice beast barely misses you. The ice beast completely misses you.
The ice beast closely misses you.
You are too berserk!
Unknown command.
You hit the white ugly thing. You burn the white ugly thing.
You grab the white ugly thing. You squeeze the white ugly thing.
The white ugly thing is lightly wounded.
You hit the ice beast.
You melt the ice beast.
You slash the ice beast!
You melt the ice beast.
You slash the ice beast!
You melt the ice beast.
You slash the ice beast!
You melt the ice beast.
You hit the ice beast.
You melt the ice beast.
You constrict the white ugly thing, but do no damage.
The white ugly thing barely misses you. The ice beast hits you.
* * * LOW HITPOINT WARNING * * *
The ice beast freezes you!
You die...

####
####...##
##........
##.........
##..........
#.......8..?
#..YYY....(.
#.∩.@uY..$©$
#...YY....$.
#.......8..}
##..........
##.........
##........
####...##
####


You could see a white ugly thing and 6 ice beasts.

Vanquished Creatures
  Erica (D:9)
  A hydra (D:9)
  An unseen horror (D:7)
  Pikel (D:7)
  2 spiny frogs (Lair:1)
  2 ice devils (Lair:2)
  2 polar bears (D:9)
  2 dream sheep (D:9)
  5 hippogriffs
  A wyvern (Lair:1)
  21 yaks
  A wraith (Ossuary)
  A steam dragon (D:9)
  A basilisk (D:9)
  A hungry ghost (D:9)
  A naga (Lair:1)
  2 water moccasins
  Duvessa (D:7)
  6 porcupines
  5 sky beasts
  A slave (D:6)
  3 orc warriors
  2 black bears
  A phantom (D:6)
  A necrophage (D:7)
  4 ogres
  2 centaurs (D:7)
  5 wolves
  9 crocodiles
  3 big kobolds (D:9)
  9 bullfrogs
  5 scorpions
  2 electric eels (Lair:1)
  2 centaur zombies (D:9)
  4 crimson imps
  3 hounds
  3 jellies
  9 orc priests
  Crazy Yiuf (D:7)
  A bullfrog skeleton (D:8)
  2 centaur skeletons (D:7)
  4 iguanas
  5 orc wizards
  7 worker ants
  A killer bee zombie (D:3)
  A bullfrog simulacrum (D:9)
  A mummy (Ossuary)
  4 gnolls (D:5)
  11 adders
  A shadow imp (D:5)
  An ufetubus (D:9)
  An adder skeleton (D:9)
  2 adder zombies
  A dart slug (D:4)
  5 leopard geckos
  29 orcs
  8 giant cockroaches
  5 goblins
  6 hobgoblins
  8 jackals
  6 kobolds
  2 quokkas (D:5)
  A ball python (D:2)
  15 bats
  5 frilled lizards
  5 gnoll skeletons (Ossuary)
  A goblin zombie (D:4)
  A jackal skeleton (D:4)
  5 kobold skeletons (Ossuary)
  A leopard gecko skeleton (D:5)
  15 orc skeletons (Ossuary)
  A quokka skeleton (D:6)
  A quokka zombie (D:5)
  4 rats
  A rat zombie (D:4)
  A bush (D:1)
296 creatures vanquished.

Vanquished Creatures (collateral kills)
  A yak (D:9)
  A wolf (Lair:1)
  An adder (D:9)
  A bat (Lair:1)
4 creatures vanquished.

Vanquished Creatures (others)
  A yak (D:9)
  A basilisk (D:9)
  A porcupine (D:9)
  A big kobold (D:9)
  A bush (D:9)
  4 fungi
  19 plants
28 creatures vanquished.

Grand Total: 328 creatures vanquished

Notes
Turn   | Place    | Note
-------+----------+-------------------------------------------
     0 | D:1      | Chimkentus the Octopode Earth Elementalist began the quest
                  | for the Orb.
     0 | D:1      | Reached XP level 1. HP: 11/11 MP: 3/3
   225 | D:1      | Reached XP level 2. HP: 17/17 MP: 1/5
   229 | D:1      | Learned a level 2 spell: Passwall
   303 | D:1      | Found a glowing golden altar of the Shining One.
   975 | D:2      | Found a glowing golden altar of the Shining One.
   989 | D:2      | Became a worshipper of the Shining One
  1077 | D:2      | Reached XP level 3. HP: 21/21 MP: 3/6
  1119 | D:2      | Learned a level 3 spell: Stone Arrow
  2149 | D:3      | Reached XP level 4. HP: 11/27 MP: 0/7
  2470 | D:3      | Reached skill level 1 in Invocations
  2786 | D:3      | Reached XP level 5. HP: 32/32 MP: 6/8
  3011 | D:4      | Reached skill level 1 in Conjurations
  3182 | D:4      | Reached XP level 6. HP: 32/37 MP: 1/9
  3195 | D:4      | Reached * piety under the Shining One
  3195 | D:4      | Reached skill level 1 in Fighting
  3264 | D:4      | Found a sand-covered staircase.
  3271 | Ossuary  | Entered an ossuary
  3271 | Ossuary  | Noticed a wraith
  3271 | Ossuary  | Noticed a wraith
  3271 | Ossuary  | Noticed a wraith
  3478 | Ossuary  | Reached ** piety under the Shining One
  3568 | Ossuary  | Reached skill level 1 in Throwing
  3648 | Ossuary  | Noticed a wraith
  3674 | Ossuary  | Killed a wraith
  3674 | Ossuary  | Reached skill level 1 in Short Blades
  3723 | D:4      | Reached *** piety under the Shining One
  4036 | D:4      | Reached XP level 7. HP: 43/43 MP: 11/11
  4169 | D:5      | Entered Level 5 of the Dungeon
  4528 | D:5      | Found a staircase to the Ecumenical Temple.
  4542 | Temple   | Entered the Ecumenical Temple
  4865 | D:5      | Reached skill level 5 in Earth Magic
  4923 | D:5      | Reached XP level 8. HP: 50/50 MP: 6/13
  5617 | D:6      | Learned a level 1 spell: Freeze
  5620 | D:6      | Learned a level 2 spell: Throw Frost
  5673 | D:5      | Learned a level 3 spell: Ozocubu's Armour
  6059 | D:6      | Noticed a yak
  6069 | D:6      | Reached XP level 9. HP: 57/57 MP: 8/14
  6129 | D:5      | Reached skill level 1 in Ice Magic
  6661 | D:7      | Reached **** piety under the Shining One
  6821 | D:7      | Noticed Pikel
  7015 | D:7      | Noticed an unseen horror
  7020 | D:7      | Killed an unseen horror
  7020 | D:7      | Reached skill level 5 in Dodging
  7020 | D:7      | Reached skill level 5 in Spellcasting
  7020 | D:7      | Reached XP level 10. HP: 54/65 MP: 9/17
  7087 | D:7      | Noticed Duvessa
  7087 | D:7      | Noticed Dowan
  7172 | D:8      | Found Ytuush's Weapon Shop.
  7196 | D:8      | Bought the +0 war axe of Dried Tears {flame, +Rage MP-9
                  | Int+4} for 94 gold pieces
  7440 | D:8      | Reached skill level 5 in Conjurations
  7462 | D:8      | Reached skill level 5 in Fighting
  7798 | D:7      | Killed Duvessa
  7798 | D:7      | Reached skill level 1 in Charms
  7982 | D:7      | Killed Pikel
  8015 | D:7      | Noticed Dowan
  8015 | D:7      | Dowan changed into Dowan the crocodile
  8019 | D:7      | Killed Dowan the crocodile
  8103 | D:7      | Found a runed translucent door.
  8104 | D:7      | Noticed Crazy Yiuf
  8161 | D:7      | Killed Crazy Yiuf
  8221 | D:8      | Reached skill level 1 in Axes
  8221 | D:8      | Reached skill level 5 in Transmutations
  8622 | D:9      | Reached skill level 5 in Invocations
  8637 | D:9      | Found a staircase to the Lair.
  8666 | D:9      | Identified a scroll of acquirement
  9062 | D:9      | Reached XP level 11. HP: 63/72 MP: 12/19
  9793 | D:9      | Noticed Erica
  9808 | D:9      | Killed Erica
  9808 | D:9      | Reached skill level 1 in Evocations
 10079 | D:9      | Found a glowing silver altar of Zin.
 10296 | D:9      | Noticed a two-headed hydra
 10313 | D:9      | Killed a two-headed hydra
 10521 | D:9      | Learned a level 1 spell: Apportation
 10523 | D:9      | Learned a level 1 spell: Confusing Touch
 10603 | Lair:1   | Entered Level 1 of the Lair of Beasts
 11319 | Lair:1   | Reached XP level 12. HP: 58/80 MP: 16/22
 11919 | Lair:1   | Noticed a six-headed hydra
 12534 | Lair:1   | Learned a level 4 spell: Throw Icicle
 12540 | Lair:1   | Learned a level 5 spell: Irradiate
 12574 | Lair:2   | Got a warped halberd
 12584 | Lair:2   | Found a frozen archway.
 12608 | IceCv    | Entered an ice cave
 12617 | IceCv    | HP: 4/121 [white ugly thing (35)]
 12618 | IceCv    | HP: 1/121 [ice beast (4)]
 12618 | IceCv    | Mangled by an ice beast

Levels and vault maps discovered:
D:1:      minmay_arrival_semitransparent, layout_basic, serial_forest,
          infiniplex_forest_clump_small, infiniplex_forest_clump_long,
          infiniplex_forest_straight_5, infiniplex_forest_straight_4,
          infiniplex_forest_end_3, infiniplex_forest_end_1,
          infiniplex_forest_end_1, tso_metal_star
D:2:      layout_basic, lemuel_crystal_altar
D:3:      layout_loops_ring
D:4:      cheibrodos_pilgrimage, layout_cave_pods, enter_ossuary_4,
          serial_park_tiny_pond
D:5:      layout_layer_cave, minmay_temple_entry_mini_moons, first_ration,
          hangedman_abyss_or_decor_passed, minmay_manual_mandibuliform
D:6:      minmay_cornered_nines, layout_basic
D:7:      layout_rooms, uniq_duvessa, uniq_pikel, uniq_crazy_yiuf_cottage
D:8:      layout_rooms, serial_shops, nicolae_shop_statue_plus
D:9:      layout_basic, minmay_lair_entry_grove, basic_altar, serial_ice,
          serial_ice_a, serial_ice_c, serial_ice_d, serial_ice_m,
          hangedman_ranch [blue_anna_fruit_fields], uniq_erica
Temple:   minmay_crystal_snake_temple
Lair:1:   layout_small_grid, gauntlet_entry_generic, st_stairs_5,
          roderic_batcave, beast_lair_carwin_3, serial_bayou_shore_a
Lair:2:   layout_misc_corridors, portal_ice_cave_demonic_guard,
          cheibrodos_lair_reptile_den, serial_bayou_shore_b
IceCv:    ice_cave_statue_garden_transporter

Skill      XL: |  1  2  3  4  5  6  7  8  9 10 11 12 |
---------------+-------------------------------------+-----
Stealth        | 3 |  3.4
Earth Magic    | 4 5 6 7 |  7.2
Invocations    | 1 2 3 4 5 6 |  6.4
Conjurations   | 1 2 3 4 5 6 |  6.4
Fighting       | 1 2 3 4 5 6 7 |  7.0
Throwing       | 1 2 3 |  3.3
Short Blades   | 1 2 3 |  3.8
Dodging        | 3 4 5 6 7 |  7.0
Spellcasting   | 3 5 7 |  7.3
Transmutations | 2 3 4 6 7 |  7.4
Ice Magic      | 1 2 3 |  3.0
Charms         | 1 |  1.5
Axes           | 1 2 |  2.1
Evocations     | 1 |  1.1
Hexes          | |  0.1

Action                   |  1- 3 |  4- 6 |  7- 9 | 10-12 || total
-------------------------+-------+-------+-------+-------++-------
Melee: Dagger            |    74 |     4 |       |       ||    78
       Mace              |    93 |       |       |       ||    93
       Tentacles         |    38 |     4 |    15 |    52 ||   109
       Constrict         |     7 |     6 |    13 |    18 ||    44
       Short sword       |       |    28 |    70 |   178 ||   276
       War axe           |       |       |       |    26 ||    26
Throw: Stone             |    11 |     3 |       |       ||    14
       Boomerang         |       |    29 |    55 |     2 ||    86
       Dart              |       |       |       |    53 ||    53
 Cast: Sandblast         |    43 |    54 |    38 |   126 ||   261
       Stone Arrow       |     3 |     4 |    61 |    61 ||   129
       Throw Frost       |       |       |    23 |    41 ||    64
       Freeze            |       |       |    11 |    16 ||    27
       Ozocubu's Armour  |       |       |       |    17 ||    17
       Confusing Touch   |       |       |       |    10 ||    10
Invok: Divine Shield     |       |     1 |     7 |    15 ||    23
 Abil: Evoke Berserk Rag |       |       |       |     1 ||     1
Evoke: Wand              |       |       |       |    31 ||    31
  Use: Scroll            |       |     8 |     3 |    10 ||    21
       Potion            |       |     5 |     5 |     6 ||    16
 Stab: Sleeping          |     1 |       |       |       ||     1
  Eat: Chunk             |     5 |     5 |    17 |    15 ||    42
       Ration            |       |       |       |     2 ||     2
Armor: Skin              |     6 |       |     5 |    30 ||    41
Dodge: Dodged            |    30 |    14 |    53 |   217 ||   314
Block: Other             |       |     2 |     8 |    52 ||    62

Table legend:
 A = Non-vault XP
 B = Vault XP
 C = Vault XP percentage of total XP
 D = Non-vault monster count
 E = Vault monster count
 F = Vault count percentage of total count
                 A         B        C        D         E       F
            +---------+---------+-------+---------+---------+-------
      Total |   12895 |    8548 |  39.9 |     215 |      83 |  27.9
            +---------+---------+-------+---------+---------+-------
        D:1 |      29 |       0 |   0.0 |      18 |       0 |   0.0
        D:2 |      33 |       0 |   0.0 |      14 |       0 |   0.0
        D:3 |     116 |       0 |   0.0 |      14 |       0 |   0.0
        D:4 |     168 |     130 |  43.6 |       9 |       7 |  43.8
        D:5 |     683 |     260 |  27.6 |      32 |       3 |   8.6
        D:6 |     965 |      41 |   4.1 |      19 |       2 |   9.5
        D:7 |    2389 |     891 |  27.2 |      28 |       4 |  12.5
        D:8 |    1074 |     451 |  29.6 |      15 |       2 |  11.8
        D:9 |    2979 |    4968 |  62.5 |      39 |      22 |  36.1
     Lair:1 |    4209 |     902 |  17.6 |      26 |      14 |  35.0
     Lair:2 |     250 |     660 |  72.5 |       1 |       2 |  66.7
    Ossuary |       0 |     245 | 100.0 |       0 |      27 | 100.0
            +---------+---------+-------+---------+---------+-------
